 Dungeon Crawl Stone Soup version 0.17.1-2-g5865329 (webtiles) character file.

18572 Faustar the Thaumaturge (level 12, -39/96 HPs)
             Began as a Yellow Draconian Conjurer on Feb 1, 2016.
             Was a High Priest of Vehumet.
             Killed from afar by a frost giant (59 damage)
             ... with a bolt of cold
             ... in an ice cave.
             The game lasted 01:12:49 (17327 turns).

Faustar the Thaumaturge (DrCj)                     Turns: 17327, Time: 01:12:49

Health: -39/96     AC: 14    Str: 11      XL:     12   Next: 28%
Magic:  17/28      EV: 12    Int: 19      God:    Vehumet [*****.]
Gold:   514        SH:  0    Dex: 15 (16) Spells: 6 memorised, 16 levels left

rFire  . . .     SeeInvis +     c - +8 rapier of Cocytus {flame, SInv}
rCold  . . .     Clarity  .     (armour unavailable)
rNeg   . . .     SustAt   .     (no shield)
rPois  .         Gourm    .     (helmet restricted)
rElec  .         Spirit   .     s - +0 cloak
rCorr  +         Warding  .     J - +0 pair of gloves
rMut   .         Stasis   .     h - +0 pair of boots
MR     .....                    (no amulet)
Stlth  ++........               x - +3 ring of dexterity
                                v - +3 ring of protection

@: about to teleport, not resistant to hostile enchantments, unstealthy
A: spit acid, acid resistance, unfitting armour, deterioration 1, slow
regeneration 1, cold-blooded, AC +8
a: Spit Acid, Renounce Religion


You were in an ice cave.
You worshipped Vehumet.
Vehumet was extremely pleased with you.
You were not hungry.

You visited 3 branches of the dungeon, and saw 13 of its levels.
You also visited: Ossuary and Ice Cave.

You collected 682 gold pieces.
You spent 168 gold pieces at shops.

Inventory:

Hand Weapons
 c - the +8 rapier of Cocytus (weapon) {flame, SInv}
   (You took it off an orc on level 7 of the Dungeon)

   It has been specially enchanted to burn those struck by it, causing extra
   injury to most foes and up to half again as much damage against particularly
   susceptible opponents.
   It lets you see invisible.
 p - a +1 short sword of holy wrath
Armour
 h - a +0 pair of boots (worn)
 s - a +0 cloak (worn)
 J - a +0 pair of gloves (worn)
Jewellery
 u - an uncursed ring of sustain attributes
 v - a +3 ring of protection (left hand)
 x - a +3 ring of dexterity (right hand)
 K - an uncursed amulet of guardian spirit
Wands
 d - a wand of digging (5)
 f - a wand of disintegration (15)
 j - a wand of confusion (21)
 m - a wand of paralysis (12)
 G - a wand of fire (9)
Scrolls
 g - 3 scrolls of fog
 i - a scroll of remove curse
 k - a scroll of enchant weapon
 t - 2 scrolls of teleportation
 w - 2 scrolls of enchant armour
 y - a scroll of amnesia
 A - a scroll of recharging
 H - 2 scrolls of magic mapping
 L - a scroll of fear
Potions
 e - a potion of cure mutation
 o - 2 potions of cancellation
 q - 11 potions of curing
 B - a potion of agility
 C - a potion of haste
 D - 3 potions of might
 E - a potion of heal wounds
 F - a potion of lignification
Books
 a - a book of Conjurations

   Spells                             Type                      Level
   a - Magic Dart                     Conjuration                  1
   b - Searing Ray                    Conjuration                  2
   c - Dazzling Spray                 Conjuration/Hexes            3
   d - Fulminant Prism                Conjuration/Hexes            4
   e - Iskenderun's Mystic Blast      Conjuration                  4
   f - Iskenderun's Battlesphere      Conjuration/Charms           5
Comestibles
 b - 7 bread rations
 l - a chunk of flesh
 r - 5 meat rations
 M - a beef jerky


   Skills:
 + Level 6.0 Fighting
 - Level 1.7 Dodging
 - Level 1.7 Stealth
 - Level 12.1 Spellcasting
 - Level 10.0 Conjurations
 - Level 6.0 Hexes
 - Level 7.0 Charms
 - Level 5.1 Fire Magic


You had 16 spell levels left.
You knew the following spells:

 Your Spells              Type           Power        Failure   Level  Hunger
a - Magic Dart            Conj           ####         1%          1    None
b - Searing Ray           Conj           #####.       1%          2    None
c - Fulminant Prism       Conj/Hex       #####.....   1%          4    #......
d - Iskenderun's Battles  Conj/Chrm      #####...     1%          5    ####...
e - Throw Flame           Conj/Fire      #####.       1%          2    None
f - Fireball              Conj/Fire      #####.....   2%          5    ####...


Dungeon Overview and Level Annotations

Branches:
Dungeon (11/15)            Temple (1/1) D:4            Lair (1/8) D:10
    Orc (0/4) D:10

Altars:
Ashenzari
Cheibriados
Dithmenos
Elyvilon
Fedhas
Gozag
Kikubaaqudgha
Makhleb
Nemelex Xobeh
Sif Muna
Trog
Vehumet
Xom
Yredelemnul

Shops:
D:6 !   D:7 :**


Innate Abilities, Weirdness & Mutations

You can spit globs of acid.
You are resistant to acid.
Your golden yellow scales are hard (AC +8).
Your body does not fit into most forms of armour.
You are cold-blooded and may be slowed by cold attacks.
Your body sometimes deteriorates upon taking damage.
You regenerate slowly when monsters are visible.


Message History

Unknown command.
Casting: Searing Ray
Confirm with . or Enter, or press ? or * to list all spells.
Aiming: Searing Ray
Press: ? - help, Shift-Dir - straight line, f/p - frost giant
Aim: a frost giant, wielding a battleaxe of freezing (lightly wounded)
The searing ray hits the frost giant.
The frost giant is moderately wounded.
Your battlesphere fires!
The barrage of energy hits the frost giant.
The frost giant is moderately wounded.
The frost giant hits your battlesphere with a battleaxe of freezing!!
Your battlesphere is destroyed!
Read which item? (? for menu, Esc to quit)
As you read the scroll of teleportation, it crumbles to dust.
You feel strangely unstable.
The frost giant points at you and mumbles some strange words.
The bolt of cold hits you!
Ouch! That really hurt!
You die...

####....#...###
##...##.÷..### ###
#..######### ######.##
##...### ##...#C#.###
##....## #.⌠...###..#
##....#####.#.###..###
###.....#####C.##Y..#
##.....####§.###.Y.#
###....#.@.## ....#
####...### Y..## #####
.### .. #}


You could see a frost giant.

Vanquished Creatures
  A cyclops (D:9)
  2 hill giants (D:10)
  Joseph (D:7)
  An ice statue (IceCv)
  14 polar bears (IceCv)
  2 trolls
  4 blink frogs (Lair:1)
  Sigmund (D:6)
  A deep elf mage (D:9)
  20 yaks
  A wyvern (D:9)
  The ghost of zigs the Skirmisher, an amateur DsAM (D:6)
  A hungry ghost (D:9)
  4 basilisks (D:10)
  Menkaure (D:6)
  19 wolves (IceCv)
  4 hippogriffs
  4 orc warriors
  3 sky beasts
  4 ogres
  5 porcupines (D:10)
  A black bear (D:8)
  8 ice beasts (Lair:1)
  3 phantoms
  The ghost of Clownie the Insei, an amateur OpMo (D:3)
  2 centaurs (D:9)
  2 crocodiles (D:10)
  2 giant frogs
  A water moccasin zombie (D:8)
  A scorpion (D:10)
  11 killer bees
  14 wights (D:7)
  3 hounds
  4 crimson imps
  A giant frog zombie (D:8)
  2 orc priests (D:5)
  3 jellies
  6 orc wizards
  A human zombie (Ossuary)
  5 worker ants
  2 iguanas
  6 sheep
  A big kobold zombie (Ossuary)
  A hound zombie (D:6)
  A worker ant zombie (D:10)
  4 mummies
  12 adders
  10 gnolls
  8 river rats
  An ooze (D:4)
  A worm (D:2)
  5 giant geckos
  36 orcs
  3 ball pythons
  9 bats
  2 giant cockroaches
  16 goblins
  11 hobgoblins
  7 jackals
  10 kobolds
  2 quokkas
  A giant gecko skeleton (D:6)
  5 giant newts
  2 gnoll zombies (Ossuary)
  A goblin zombie (Ossuary)
  A hobgoblin zombie (Ossuary)
  A jackal zombie (D:5)
  A kobold zombie (Ossuary)
  An orc zombie (Ossuary)
  3 quokka skeletons
  3 rats
  A fulminant prism (Lair:1)
333 creatures vanquished.

Vanquished Creatures (others)
  A centaur (D:6)
  An orc priest (D:6)
  An adder (D:6)
  A giant gecko (D:6)
  An orc (D:6)
  A giant newt (D:6)
  71 fulminant prisms
  3 fungi
  8 plants (D:10)
88 creatures vanquished.

Grand Total: 421 creatures vanquished

Notes
Turn   | Place    | Note
--------------------------------------------------------------
     0 | D:1      | Faustar the Draconian Conjurer began the quest for the Orb.
     0 | D:1      | Reached XP level 1. HP: 14/14 MP: 3/3
   586 | D:1      | Reached XP level 2. HP: 20/20 MP: 2/5
  1410 | D:1      | Reached XP level 3. HP: 24/26 MP: 7/7
  1987 | D:2      | Learned a level 2 spell: Searing Ray
  2476 | D:2      | Reached XP level 4. HP: 26/33 MP: 10/10
  2575 | D:2      | Found a bloodstained altar of Trog.
  3227 | D:3      | Reached XP level 5. HP: 38/38 MP: 1/12
  3392 | D:3      | Reached skill level 5 in Spellcasting
  3446 | D:3      | Noticed Clownie's ghost (amateur OpMo)
  3618 | D:3      | Killed Clownie's ghost
  3887 | D:4      | Found a staircase to the Ecumenical Temple.
  3894 | Temple   | Entered the Ecumenical Temple
  3933 | Temple   | Became a worshipper of Vehumet
  4140 | D:4      | Noticed a phantom
  4153 | D:4      | Reached XP level 6. HP: 37/45 MP: 6/14
  4275 | D:4      | Killed a phantom
  4275 | D:4      | Reached skill level 6 in Spellcasting
  4366 | D:4      | Learned a level 4 spell: Fulminant Prism
  4372 | D:4      | Learned a level 5 spell: Iskenderun's Battlesphere
  4498 | D:4      | Found a burning altar of Makhleb.
  4802 | D:4      | Noticed an ogre
  4810 | D:4      | Killed an ogre
  4810 | D:4      | Reached skill level 5 in Conjurations
  4810 | D:4      | Your scales start taking on a golden yellow colour.
  4810 | D:4      | Reached XP level 7. HP: 24/50 MP: 7/16
  4856 | D:4      | Noticed an ogre
  4861 | D:4      | Killed an ogre
  5050 | D:5      | Entered Level 5 of the Dungeon
  5223 | D:5      | Found a sand-covered staircase.
  5233 | Ossuary  | Entered an ossuary
  5386 | Ossuary  | Reached * piety under Vehumet
  5386 | Ossuary  | Offered knowledge of Freeze by Vehumet.
  5622 | D:5      | Reached skill level 1 in Hexes
  6006 | D:6      | Noticed zigs's ghost (amateur DsAM)
  6026 | D:6      | HP: 2/50 [gnoll/halberd (7)]
  6369 | D:6      | Reached XP level 8. HP: 35/57 MP: 4/17
  6517 | D:6      | Noticed Menkaure
  6518 | D:6      | Found a shattered altar of Ashenzari.
  6524 | D:6      | Killed Menkaure
  6843 | D:6      | Found Haluhefo's Distillery.
  6855 | D:6      | Bought a potion of curing for 30 gold pieces
  6855 | D:6      | Bought a potion of curing for 30 gold pieces
  6855 | D:6      | Bought a potion of curing for 30 gold pieces
  6855 | D:6      | Bought a potion of curing for 30 gold pieces
  6882 | D:6      | Found a shimmering altar of Xom.
  6894 | D:6      | Noticed Sigmund
  7038 | D:6      | Killed zigs's ghost
  7193 | D:6      | Reached skill level 5 in Hexes
  7194 | D:6      | Killed Sigmund
  7372 | D:6      | Found a bloodstained altar of Trog.
  7387 | D:6      | Reached skill level 7 in Conjurations
  7544 | D:6      | Found a shadowy altar of Dithmenos.
  8261 | D:7      | Noticed Joseph
  8268 | D:7      | Killed Joseph
  8268 | D:7      | Reached ** piety under Vehumet
  8268 | D:7      | Offered knowledge of Sandblast by Vehumet.
  8268 | D:7      | Reached skill level 8 in Conjurations
  8268 | D:7      | Reached XP level 9. HP: 40/62 MP: 4/18
  8474 | D:7      | Reached skill level 9 in Conjurations
  8678 | D:7      | Found Elisouju's Book Emporium.
  8770 | D:7      | Found Xaewnios's Assorted Antiques.
  8776 | D:7      | Found Puluax's General Store.
  8783 | D:7      | Bought a scroll of teleportation for 48 gold pieces
  9423 | D:7      | Reached skill level 10 in Conjurations
  9446 | D:7      | Got an ancient rapier {flame}
  9447 | D:7      | Identified the +8 rapier of Cocytus {flame, SInv} (You took it off an orc on level 7 of the Dungeon)
  9513 | D:7      | Found a snail-covered altar of Cheibriados.
  9618 | D:8      | Offered knowledge of Throw Flame by Vehumet.
  9685 | D:8      | Reached skill level 1 in Charms
  9859 | D:8      | Reached *** piety under Vehumet
 10153 | D:8      | Reached skill level 5 in Charms
 10452 | D:9      | Reached XP level 10. HP: 61/69 MP: 11/19
 10513 | D:9      | Learned a level 2 spell: Throw Flame
 10534 | D:9      | Found an ancient bone altar of Kikubaaqudgha.
 10959 | D:9      | Offered knowledge of Ignite Poison by Vehumet.
 11646 | D:9      | Reached **** piety under Vehumet
 11807 | D:9      | Noticed a cyclops
 11826 | D:9      | Killed a cyclops
 12143 | D:10     | Entered Level 10 of the Dungeon
 12414 | D:10     | Offered knowledge of Airstrike by Vehumet.
 13066 | D:10     | Reached XP level 11. HP: 64/74 MP: 13/24
 13275 | D:10     | Reached skill level 10 in Spellcasting
 13281 | D:10     | Found a staircase to the Lair.
 13346 | D:10     | Found a staircase to the Orcish Mines.
 13387 | D:10     | Noticed a hill giant
 13403 | D:10     | Killed a hill giant
 13702 | D:10     | Noticed a hill giant
 13711 | D:10     | Killed a hill giant
 13841 | Lair:1   | Entered Level 1 of the Lair of Beasts
 13877 | Lair:1   | Gained mutation: You regenerate slowly when monsters are visible. [mutagenic glow]
 13908 | Lair:1   | Gained mutation: Your body sometimes deteriorates upon taking damage. [mutagenic glow]
 13941 | Lair:1   | Found a frozen archway.
 13959 | Lair:1   | Reached skill level 11 in Spellcasting
 13999 | IceCv    | Entered an ice cave
 14130 | IceCv    | Reached ***** piety under Vehumet
 14256 | IceCv    | Reached skill level 12 in Spellcasting
 14453 | IceCv    | Offered knowledge of Fireball by Vehumet.
 14460 | IceCv    | Learned a level 5 spell: Fireball
 14620 | IceCv    | Reached skill level 1 in Fire Magic
 15854 | IceCv    | Reached XP level 12. HP: 51/81 MP: 23/28
 15948 | IceCv    | Reached skill level 5 in Fire Magic
 16102 | IceCv    | Reached skill level 1 in Fighting
 16778 | IceCv    | Reached skill level 5 in Fighting
 17225 | IceCv    | Noticed a death yak
 17316 | IceCv    | Noticed a frost giant
 17327 | IceCv    | Killed from afar by a frost giant

Action                   |  1- 3 |  4- 6 |  7- 9 | 10-12 || total
-------------------------+-------+-------+-------+-------++-------
Melee: Unarmed           |    25 |       |       |       ||    25
       Club              |   124 |    24 |       |       ||   148
       Short sword       |       |    90 |   102 |       ||   192
       Rapier            |       |       |     5 |    14 ||    19
       Battleaxe         |       |       |     3 |       ||     3
 Cast: Magic Dart        |    37 |    46 |   110 |    86 ||   279
       Searing Ray       |     1 |    21 |    73 |    89 ||   184
       Fulminant Prism   |       |       |     8 |    64 ||    72
       Iskenderun's Batt |       |       |       |    29 ||    29
       Throw Flame       |       |       |       |    17 ||    17
       Fireball          |       |       |       |    13 ||    13
 Abil: Spit Acid         |       |       |     3 |     4 ||     7
  Use: Potion            |       |     2 |     1 |     5 ||     8
       Scroll            |       |       |    23 |     6 ||    29
 Stab: Sleeping          |       |     1 |     1 |       ||     2
       Distracted        |       |       |     1 |       ||     1
  Eat: Chunk             |     5 |     8 |    17 |    31 ||    61
       Pizza             |       |       |     1 |       ||     1
       Beef jerky        |       |       |       |     2 ||     2
       Royal jelly       |       |       |       |     1 ||     1
